 Dungeon Crawl Stone Soup version 0.30.1-4-g462c640d31 (webtiles) character file.

Game seed: 3296414292825193020

67 spardeous the Conjurer (level 3, -4/26 HPs)
             Began as a Demigod Conjurer on Aug 18, 2023.
             Killed by nerve-wracking pain
             ... invoked by an orc priest
              (14 damage)
             ... on level 3 of the Dungeon.
             The game lasted 00:01:30 (2281 turns).

spardeous the Conjurer (Demigod Conjurer)           Turns: 2281, Time: 00:01:30

Health: -4/26      AC:  5    Str:  8    XL:     3   Next: 70%
Magic:  1/8        EV:  9    Int: 24    God:
Gold:   66         SH:  3    Dex: 12    Spells: 2/5 levels left

rFire   . . .        u - +0 war axe
rCold   . . .        r - +0 buckler
rNeg    . . .        q - +0 ring mail
rPois   .            (no helmet)
rElec   .            (no cloak)
rCorr   .            (no gloves)
SInv    .            (no boots)
Will    .....        (no amulet)
Stlth   +            (no ring)
HPRegen 0.24/turn    (no ring)
MPRegen 0.11/turn

%: no passive effects
@: no status effects
A: high MP 1, forlorn, divine attributes
a: no special abilities


You were on level 3 of the Dungeon.
You visited 1 branch of the dungeon, and saw 3 of its levels.

You collected 66 gold pieces.

Inventory:

Hand Weapons
 u - a +0 war axe (weapon)
Armour
 a - a +0 robe
 q - a +0 ring mail (worn)
 r - a +0 buckler (worn)
Jewellery
 o - a ring of protection from fire
 p - an amulet of regeneration
Wands
 t - a wand of polymorph (10)
Scrolls
 c - a scroll of immolation {unknown}
 d - a scroll of noise {unknown}
 e - 3 scrolls of vulnerability {unknown}
 f - a scroll of identify {unknown}
 h - a scroll of torment {unknown}
 i - a scroll of brand weapon {unknown}
 j - a scroll of fear {unknown}
 v - a scroll of enchant armour {unknown}
Potions
 b - a potion of magic
 g - a potion of heal wounds
 k - a potion of lignification {unknown}
 l - a potion of degeneration {unknown}
 m - a potion of mutation {unknown}
 n - a potion of cancellation {unknown}
 s - a potion of haste {unknown}


   Skills:
 - Level 1.7 Dodging
 - Level 1.7 Stealth
 - Level 1.7 Spellcasting
 + Level 5.1 Conjurations


You had 2 spell levels left.
You knew the following spells:

 Your Spells              Type           Power      Damage    Failure   Level
a - Magic Dart            Conj           100%       1d8       8%          1
b - Searing Ray           Conj           52%        2d6       12%         2

Your spell library contained the following spells:

 Spells                   Type           Power      Damage    Failure   Level
 Apportation              Tloc           4%         N/A       54%         1
 Dazzling Flash           Conj/Hex       28%        N/A       54%         3
 Gell's Gravitas          Tloc           2%         N/A       88%         3
 Teleport Other           Tloc           2%         N/A       88%         3
 Fulminant Prism          Conj/Hex       7%         3d6       91%         4
 Iskenderun's Mystic Bla  Conj/Tloc      14%        2d5       91%         4
 Alistair's Intoxication  Tmut/Pois      1%         N/A       100%        5
 Dispersal                Tloc           1%         N/A       100%        6


Dungeon Overview and Level Annotations

Branches:
Dungeon (3/15)

Shops:
D:3 [


Innate Abilities, Weirdness & Mutations

You have an increased reservoir of magic. (+10% MP)
You shall have no god before yourself.
Your divine heritage dramatically boosts your attributes as you level up.


Message History

Aiming: Magic Dart (safe; 8% risk of failure)
Press: ? - help, Shift-Dir - straight line, f - orc priest
Aim: an orc priest, wielding a +0 flail (wandering, hasn't noticed you, 100% to hit)
The magic dart hits the orc priest.
The orc priest is heavily wounded.
The orc priest shouts!
You now have 3/8 mp.
An orc priest is nearby!
Casting: Magic Dart (safe; 8% risk of failure)
Confirm with . or Enter, or press ? or * to list all spells.
Aiming: Magic Dart (safe; 8% risk of failure)
Press: ? - help, Shift-Dir - straight line, f/p - orc priest
Aim: an orc priest, wielding a +0 flail (heavily wounded, 100% to hit)
The magic dart hits the orc priest but does no damage.
The orc priest is heavily wounded.
You now have 2/8 mp.
An orc priest is nearby!
Casting: Magic Dart (safe; 8% risk of failure)
Confirm with . or Enter, or press ? or * to list all spells.
Aiming: Magic Dart (safe; 8% risk of failure)
Press: ? - help, Shift-Dir - straight line, f/p - orc priest
Aim: an orc priest, wielding a +0 flail (heavily wounded, 100% to hit)
The magic dart hits the orc priest.
The orc priest is heavily wounded.
The orc priest invokes the aid of Beogh against you.
Beogh smites you!
Ouch! That really hurt!
* * * LOW HITPOINT WARNING * * *
An orc priest is nearby!
Casting: Magic Dart (safe; 8% risk of failure)
Confirm with . or Enter, or press ? or * to list all spells.
Aiming: Magic Dart (safe; 8% risk of failure)
Press: ? - help, Shift-Dir - straight line, f/p - orc priest
Aim: an orc priest, wielding a +0 flail (heavily wounded, 100% to hit)
The magic dart hits the orc priest.
The orc priest is severely wounded.
The orc priest mumbles some strange prayers to Beogh against you.
Pain shoots through your body!
Ouch! That really hurt!
You die...

#.. ...# ..
#..# .) #.
#..# #) #.#
..### #o ...
.... ###? #.#
#.#.# #...##.#
..#.#
###....#.#
.##.#
#....#@.†# #
.##.#
#......#####.#
.##.#
#.≈≈.........#
.##)#
#≈∩≈###...####
.##)# #≈≈≈
##..#
.##.#######
#.## ##.#
...<..)....
#.# #.#
#...#######
#.## ##.#
#.#.#
#####..##
##.##


You could see an orc priest.

Vanquished Creatures
  An adder (D:2)
  3 worms
  A dart slug (D:1)
  7 orcs
  4 endoplasms
  2 goblins
  3 hobgoblins
  3 ball pythons
  4 bats
  A frilled lizard (D:2)
  7 kobolds
  3 rats
39 creatures vanquished.

Notes
Turn   | Place    | Note
-------+----------+-------------------------------------------
     0 | D:1      | spardeous the Demigod Conjurer began the quest for the Orb.
     0 | D:1      | Reached XP level 1. HP: 14/14 MP: 5/5
   317 | D:1      | Reached skill level 4 in Conjurations
   560 | D:1      | Reached XP level 2. HP: 16/20 MP: 4/7
   814 | D:1      | Learned a level 2 spell: Searing Ray
  1202 | D:2      | Reached XP level 3. HP: 26/26 MP: 5/8
  1882 | D:2      | HP: 1/26 [orc/+0 club (4)]
  2008 | D:3      | Reached skill level 5 in Conjurations
  2244 | D:3      | Found Cuavyus's Antique Armour Boutique.
  2281 | D:3      | Killed from afar by an orc priest

Illustrated notes

Levels and vault maps discovered:
D:1:      tarquinn_simple_flora_water_a, layout_loops_ring
D:2:      layout_basic, grunt_ministairs_2
D:3:      layout_loops_ring, nicolae_overflow_quartered_altars,
          nicolae_hepliaklqana_hippocampus,
          hellmonk_ecumenical_altar_slurped_away, serial_shops,
          nicolae_shop_tiny_waterfront

Skill      XL: |  1  2  3 |
---------------+----------+-----
Conjurations   | 4 5 |  5.1
Dodging        | |  1.7
Stealth        | |  1.7
Spellcasting   | |  1.7

Action                     || total
---------------------------++-------
   Cast: Magic Dart        ||    78
         Searing Ray       ||     3
    Use: Potion            ||     1
 Armour: Ring mail         ||     7
  Dodge: Dodged            ||     9
